TOP OF THE 1ST |
Vancouver Vipers batting - Pitching for Mile High Broncos : RHP Luis Salazar
|
Pitching: RHP Luis Salazar
|
|
Batting: RHB Salvador Medine
|
0-0: Ball 1-0: Called Strike 1-1: Foul Ball, location: 2F 1-2: Ball 2-2: Ground out 5-3 (Groundball, 5S)
|
Batting: RHB Júlio Figueroa
|
0-0: Foul Ball, location: 2F 0-1: Ball 1-1: SINGLE (Flyball, 9LS)
|
Batting: RHB Howard Lane
|
0-0: Ball 1-0: Foul Ball, location: 2F 1-1: Foul Ball, location: 2F 1-2: Grounds into double play, 6-4-3 (Groundball, 6)
|
Top of the 1st over - 0 run(s), 1 hit(s), 0 error(s), 0 left on base; Vancouver 0 - Mile High 0 |
BOTTOM OF THE 1ST |
Mile High Broncos batting - Pitching for Vancouver Vipers : RHP Jeffrey Campbell
|
Pitching: RHP Jeffrey Campbell
|
|
Batting: RHB Juan Gonzáles
|
0-0: Ball 1-0: Foul Ball, location: 2F 1-1: Foul Ball, location: 2F 1-2: Ground out 6-3 (Groundball, 6)
|
Batting: RHB Juan Jose Guevana
|
0-0: Called Strike 0-1: Ball 1-1: Called Strike 1-2: Ground out 1-3 (Groundball, 15)
|
Batting: RHB José Herrera
|
0-0: Called Strike 0-1: SINGLE (Line Drive, 56D)
|
Batting: RHB Vincente Ventura
|
0-0: Ball 1-0: Fly out, F7 (Popup, 78S)
|
Bottom of the 1st over - 0 run(s), 1 hit(s), 0 error(s), 1 left on base; Vancouver 0 - Mile High 0 |
TOP OF THE 2ND |
Vancouver Vipers batting - Pitching for Mile High Broncos : RHP Luis Salazar
|
Batting: RHB Sergio Pujols
|
0-0: Ball 1-0: Called Strike 1-1: Ball 2-1: Ball 3-1: Fly out, F8 (Popup, 8RS)
|
Batting: RHB Guillermo Sánchez
|
0-0: Swinging Strike 0-1: Ball 1-1: Ball 2-1: Called Strike 2-2: Foul Ball, location: 2F 2-2: Foul Ball, location: 2F 2-2: Strikes out swinging
|
Batting: LHB Mike Williams
|
0-0: Called Strike 0-1: Called Strike 0-2: Ball 1-2: DOUBLE (Line Drive, 5D)
|
Batting: RHB Lorenzo González
|
0-0: Ball 1-0: Fly out, F8 (Flyball, 8LXD)
|
Top of the 2nd over - 0 run(s), 1 hit(s), 0 error(s), 1 left on base; Vancouver 0 - Mile High 0 |
BOTTOM OF THE 2ND |
Mile High Broncos batting - Pitching for Vancouver Vipers : RHP Jeffrey Campbell
|
Batting: LHB Bill Houston
|
0-0: Called Strike 0-1: Ball 1-1: Ground out 4-3 (Groundball, 4)
|
Batting: RHB Michael MacDonald
|
0-0: Ball 1-0: Foul Ball, location: 2F 1-1: Ball 2-1: Foul Ball, location: 2F 2-2: Strikes out swinging
|
Batting: RHB Marcos Reyes
|
0-0: Ball 1-0: Ball 2-0: Called Strike 2-1: Swinging Strike 2-2: Foul Ball, location: 2F 2-2: Ball 3-2: Base on Balls
|
Batting: RHB José Rodríguez
|
0-0: Called Strike 0-1: Swinging Strike 0-2: Strikes out swinging
|
Bottom of the 2nd over - 0 run(s), 0 hit(s), 0 error(s), 1 left on base; Vancouver 0 - Mile High 0 |
TOP OF THE 3RD |
Vancouver Vipers batting - Pitching for Mile High Broncos : RHP Luis Salazar
|
Batting: RHB Cristo Gilera
|
0-0: Called Strike 0-1: Ball 1-1: Ball 2-1: SINGLE (Groundball, 13) (infield hit)
|
Batting: LHB Ray Spencer
|
0-0: Called Strike 0-1: Ball 1-1: Ball 2-1: Ball 3-1: Called Strike 3-2: Base on Balls Cristo Gilera to second
|
Batting: RHB Salvador Medine
|
0-0: Fielders Choice at 2nd, U6 (Groundball, 6M) Cristo Gilera to third
|
Batting: RHB Júlio Figueroa
|
0-0: DOUBLE (Groundball, 5L) Cristo Gilera scores Salvador Medine to third Runner from 3rd tries for Home, SAFE, no throw or cutoff
|
Batting: RHB Howard Lane
|
0-0: Ball 1-0: Ball 2-0: Foul Ball, location: 2F 2-1: Foul Ball, location: 2F 2-2: Ground out 2-3 (Groundball, 25) Júlio Figueroa to third
|
Batting: RHB Sergio Pujols
|
0-0: Ball 1-0: Foul Ball, location: 2F 1-1: Ball 2-1: Ball 3-1: Foul Ball, location: 2F 3-2: SINGLE (Line Drive, 7LS) Júlio Figueroa scores
|
Batting: RHB Guillermo Sánchez
|
0-0: Ball Sergio Pujols is caught stealing 2nd base
|
Top of the 3rd over - 3 run(s), 3 hit(s), 0 error(s), 0 left on base; Vancouver 3 - Mile High 0 |
BOTTOM OF THE 3RD |
Mile High Broncos batting - Pitching for Vancouver Vipers : RHP Jeffrey Campbell
|
Batting: RHB Mançio Delmage
|
0-0: Ball 1-0: Swinging Strike 1-1: Ground out 6-3 (Groundball, 6)
|
Now at SS: Kyle MacGregor
|
|
Batting: RHB Juan Gonzáles
|
0-0: Called Strike 0-1: Ball 1-1: Foul Ball, location: 2F 1-2: Ball 2-2: Strikes out swinging
|
Batting: RHB Juan Jose Guevana
|
0-0: Called Strike 0-1: Ball 1-1: Ball 2-1: Foul Ball, location: 2F 2-2: Ball 3-2: Base on Balls
|
Batting: RHB José Herrera
|
0-0: Ball 1-0: Ball 2-0: Ball 3-0: Base on Balls Juan Jose Guevana to second
|
Batting: RHB Vincente Ventura
|
0-0: Swinging Strike 0-1: Fly out, F8 (Flyball, 8LM)
|
Bottom of the 3rd over - 0 run(s), 0 hit(s), 0 error(s), 2 left on base; Vancouver 3 - Mile High 0 |
TOP OF THE 4TH |
Vancouver Vipers batting - Pitching for Mile High Broncos : RHP Luis Salazar
|
Batting: RHB Guillermo Sánchez
|
0-0: Called Strike 0-1: Foul Ball, location: 2F 0-2: Foul Ball, location: 2F 0-2: Ball 1-2: Ball 2-2: Ball 3-2: Ground out 6-3 (Groundball, 6)
|
Batting: LHB Mike Williams
|
0-0: Ball 1-0: Ball 2-0: Ball 3-0: Called Strike 3-1: DOUBLE (Line Drive, 89M)
|
Batting: RHB Lorenzo González
|
0-0: Called Strike 0-1: Ball 1-1: Ball 2-1: Ground out 6-3 (Groundball, 6M) Mike Williams to third
|
Batting: RHB Cristo Gilera
|
0-0: SINGLE (Line Drive, 56D) Mike Williams scores
|
Batting: LHB Ray Spencer
|
0-0: Fielders Choice at 2nd, U4 (Groundball, 4M)
|
Top of the 4th over - 1 run(s), 2 hit(s), 0 error(s), 1 left on base; Vancouver 4 - Mile High 0 |
BOTTOM OF THE 4TH |
Mile High Broncos batting - Pitching for Vancouver Vipers : RHP Jeffrey Campbell
|
Batting: LHB Bill Houston
|
0-0: Ball 1-0: Swinging Strike 1-1: Ball 2-1: Ball 3-1: Foul Ball, location: 2F 3-2: Foul Ball, location: 2F 3-2: Base on Balls
|
Batting: RHB Michael MacDonald
|
0-0: Ball Bill Houston steals 2nd base 1-0: Called Strike 1-1: Ball 2-1: Ball 3-1: Foul Ball, location: 2F 3-2: Foul Ball, location: 2F 3-2: Strikes out swinging
|
Batting: RHB Marcos Reyes
|
0-0: Ball 1-0: Ball 2-0: Ball 3-0: Base on Balls
|
Batting: RHB José Rodríguez
|
0-0: Foul Ball, location: 2F 0-1: Ball 1-1: Called Strike 1-2: Ball 2-2: Ball 3-2: Foul Ball, location: 2F 3-2: Strikes out looking
|
Batting: RHB Mançio Delmage
|
0-0: Ball 1-0: Foul Ball, location: 2F 1-1: Ground out 1-3 (Groundball, 13S)
|
Bottom of the 4th over - 0 run(s), 0 hit(s), 0 error(s), 2 left on base; Vancouver 4 - Mile High 0 |
TOP OF THE 5TH |
Vancouver Vipers batting - Pitching for Mile High Broncos : RHP Luis Salazar
|
Batting: SHB Kyle MacGregor
|
0-0: Ball 1-0: Ground out U3 (Groundball, 3)
|
Batting: RHB Júlio Figueroa
|
0-0: Swinging Strike 0-1: Ground out 5-3 (Groundball, 5L)
|
Batting: RHB Howard Lane
|
0-0: Ball 1-0: Called Strike 1-1: Called Strike 1-2: Fly out, F4 (Popup, 4MD)
|
Top of the 5th over - 0 run(s), 0 hit(s), 0 error(s), 0 left on base; Vancouver 4 - Mile High 0 |
BOTTOM OF THE 5TH |
Mile High Broncos batting - Pitching for Vancouver Vipers : RHP Jeffrey Campbell
|
Batting: RHB Juan Gonzáles
|
0-0: Foul Ball, location: 2F 0-1: Foul Ball, location: 2F 0-2: Strikes out looking
|
Batting: RHB Juan Jose Guevana
|
0-0: Fly out, F8 (Flyball, 8LD)
|
Batting: RHB José Herrera
|
0-0: Called Strike 0-1: Ball 1-1: Ball 2-1: Ball 3-1: Base on Balls
|
Batting: RHB Vincente Ventura
|
0-0: Foul Ball, location: 2F 0-1: Called Strike 0-2: Ball 1-2: Ground out 5-3 (Groundball, 5)
|
Bottom of the 5th over - 0 run(s), 0 hit(s), 0 error(s), 1 left on base; Vancouver 4 - Mile High 0 |
TOP OF THE 6TH |
Vancouver Vipers batting - Pitching for Mile High Broncos : RHP Luis Salazar
|
Batting: RHB Sergio Pujols
|
0-0: Ball 1-0: Called Strike 1-1: Ball 2-1: Swinging Strike 2-2: Ground out 6-3 (Groundball, 56)
|
Batting: RHB Guillermo Sánchez
|
0-0: Ball 1-0: Foul Ball, location: 2F 1-1: Foul Ball, location: 2F 1-2: Ball 2-2: SINGLE (Groundball, 6)
|
Batting: LHB Mike Williams
|
0-0: Ball 1-0: Foul Ball, location: 2F 1-1: Fly out, F5 (Popup, 5SF)
|
Batting: RHB Lorenzo González
|
0-0: Fly out, F7 (Flyball, 7M)
|
Top of the 6th over - 0 run(s), 1 hit(s), 0 error(s), 1 left on base; Vancouver 4 - Mile High 0 |
BOTTOM OF THE 6TH |
Mile High Broncos batting - Pitching for Vancouver Vipers : RHP Jeffrey Campbell
|
Batting: LHB Bill Houston
|
0-0: Foul Ball, location: 2F 0-1: Ball 1-1: Fly out, F6 (Line Drive, 6M)
|
Batting: RHB Michael MacDonald
|
0-0: Ball 1-0: DOUBLE (Line Drive, 7LM)
|
Pitching: RHP José Vargas
|
|
Batting: RHB Marcos Reyes
|
0-0: Foul Ball, location: 2F 0-1: Ground out 6-3 (Groundball, 6)
|
Batting: RHB José Rodríguez
|
0-0: Ball 1-0: SINGLE (Flyball, 9LS) Michael MacDonald to third Runner from 3rd tries for Home, SAFE, no throw or cutoff
|
Batting: RHB Mançio Delmage
|
0-0: Foul Ball, location: 2F 0-1: Foul Ball, location: 2F 0-2: Ball 1-2: Strikes out swinging
|
Bottom of the 6th over - 1 run(s), 2 hit(s), 0 error(s), 1 left on base; Vancouver 4 - Mile High 1 |
TOP OF THE 7TH |
Vancouver Vipers batting - Pitching for Mile High Broncos : RHP Luis Salazar
|
Batting: RHB Cristo Gilera
|
0-0: Swinging Strike 0-1: Ball 1-1: Fly out, F4 (Line Drive, 4)
|
Batting: LHB Ray Spencer
|
0-0: Called Strike 0-1: Ball 1-1: Ground out 4-3 (Groundball, 4)
|
Batting: SHB Kyle MacGregor
|
0-0: Ball 1-0: Ground out 4-3 (Groundball, 4MS)
|
Top of the 7th over - 0 run(s), 0 hit(s), 0 error(s), 0 left on base; Vancouver 4 - Mile High 1 |
BOTTOM OF THE 7TH |
Mile High Broncos batting - Pitching for Vancouver Vipers : RHP José Vargas
|
Batting: RHB Juan Gonzáles
|
0-0: Ball 1-0: Foul Ball, location: 2F 1-1: Reached on error, E1 (Groundball, 13)
|
Batting: RHB Juan Jose Guevana
|
0-0: Ball 1-0: Called Strike 1-1: Called Strike 1-2: Ball 2-2: Fielders Choice at 2nd, 6-4 (Groundball, 6)
|
Batting: RHB José Herrera
|
0-0: Ball 1-0: Called Strike 1-1: Swinging Strike 1-2: Ball 2-2: Strikes out swinging
|
Batting: RHB Vincente Ventura
|
0-0: Ball 1-0: Called Strike Juan Jose Guevana steals 2nd base 1-1: SINGLE (Groundball, 6MD) Juan Jose Guevana to third Runner from 3rd tries for Home, SAFE, no throw or cutoff
|
Pitching: LHP Jack Taylor
|
|
Batting: LHB Bill Houston
|
0-0: Ball 1-0: Ball 2-0: Fly out, F9 (Line Drive, 89M)
|
Bottom of the 7th over - 1 run(s), 1 hit(s), 1 error(s), 1 left on base; Vancouver 4 - Mile High 2 |
TOP OF THE 8TH |
Vancouver Vipers batting - Pitching for Mile High Broncos : RHP Luis Salazar
|
Pitching: RHP Todd Howell
|
|
Batting: RHB Júlio Figueroa
|
0-0: Called Strike 0-1: Foul Ball, location: 2F 0-2: Ball 1-2: Strikes out swinging
|
Batting: RHB Howard Lane
|
0-0: Ball 1-0: Foul Ball, location: 2F 1-1: Ball 2-1: SINGLE (Line Drive, 5S)
|
Batting: RHB Sergio Pujols
|
0-0: Called Strike 0-1: Ball 1-1: 2-RUN HOME RUN (Flyball, 7D), Distance : 377 ft
|
Batting: RHB Guillermo Sánchez
|
0-0: Fly out, F4 (Line Drive, 4)
|
Batting: LHB Mike Williams
|
0-0: Called Strike 0-1: Called Strike 0-2: Ball 1-2: Ball 2-2: Foul Ball, location: 2F 2-2: Ground out 1-3 (Groundball, 15S)
|
Top of the 8th over - 2 run(s), 2 hit(s), 0 error(s), 0 left on base; Vancouver 6 - Mile High 2 |
BOTTOM OF THE 8TH |
Mile High Broncos batting - Pitching for Vancouver Vipers : LHP Jack Taylor
|
Batting: RHB Michael MacDonald
|
0-0: Called Strike 0-1: Ball 1-1: Foul Ball, location: 2F 1-2: Foul Ball, location: 2F 1-2: Strikes out looking
|
Batting: RHB Marcos Reyes
|
0-0: Called Strike 0-1: Ball 1-1: Called Strike 1-2: Strikes out looking
|
Batting: RHB José Rodríguez
|
0-0: Ball 1-0: Ball 2-0: Called Strike 2-1: SINGLE (Flyball, 78S)
|
Batting: RHB Mançio Delmage
|
0-0: Ball 1-0: Fly out, F9 (Flyball, 89M)
|
Bottom of the 8th over - 0 run(s), 1 hit(s), 0 error(s), 1 left on base; Vancouver 6 - Mile High 2 |
TOP OF THE 9TH |
Vancouver Vipers batting - Pitching for Mile High Broncos : RHP Todd Howell
|
Batting: RHB Lorenzo González
|
0-0: Ball 1-0: Foul Ball, location: 2F 1-1: Ball 2-1: Called Strike 2-2: Ball 3-2: Strikes out swinging
|
Batting: RHB Cristo Gilera
|
0-0: Ball 1-0: Called Strike 1-1: Foul Ball, location: 2F 1-2: Ball 2-2: Foul Ball, location: 2F 2-2: Strikes out swinging
|
Batting: LHB Ray Spencer
|
0-0: Called Strike 0-1: Ball 1-1: Ball 2-1: Ball 3-1: Base on Balls
|
Batting: SHB Kyle MacGregor
|
0-0: Ball 1-0: Called Strike 1-1: Swinging Strike 1-2: DOUBLE (Groundball, 3L) Ray Spencer to third Runner from 3rd tries for Home, SAFE, no throw or cutoff
|
Pitching: RHP Cristo Canó
|
|
Batting: RHB Júlio Figueroa
|
0-0: Ball 1-0: Ground out 5-3 (Groundball, 5)
|
Top of the 9th over - 1 run(s), 1 hit(s), 0 error(s), 1 left on base; Vancouver 7 - Mile High 2 |
BOTTOM OF THE 9TH |
Mile High Broncos batting - Pitching for Vancouver Vipers : LHP Jack Taylor
|
Now at C: Javier Matos
|
|
Now at 1B: Luis Sáenz
|
|
Now in LF: Steve Bender
|
|
Now in CF: Oscar Rudd
|
|
Batting: RHB Juan Gonzáles
|
0-0: Called Strike 0-1: Foul Ball, location: 2F 0-2: Ball 1-2: Foul Ball, location: 2F 1-2: Ball 2-2: Ball 3-2: Fly out, F9 (Flyball, 9D)
|
Batting: RHB Juan Jose Guevana
|
0-0: Called Strike 0-1: Ball 1-1: SOLO HOME RUN (Flyball, 7D), Distance : 381 ft
|
Batting: RHB José Herrera
|
0-0: Foul Ball, location: 2F 0-1: Ball 1-1: Foul Ball, location: 2F 1-2: Strikes out swinging
|
Batting: RHB Vincente Ventura
|
0-0: Ball 1-0: Ball 2-0: Called Strike 2-1: Foul Ball, location: 2F 2-2: SINGLE (Line Drive, 78S)
|
Pitching: LHP Malcolm Moore
|
|
Batting: LHB Bill Houston
|
0-0: Called Strike 0-1: Called Strike 0-2: Ball 1-2: Foul Ball, location: 2F 1-2: SINGLE (Flyball, 8RS) Vincente Ventura to second
|
Pitching: RHP Ulric Duval
|
|
Batting: RHB Michael MacDonald
|
0-0: Called Strike 0-1: Called Strike 0-2: Foul Ball, location: 2F 0-2: Strikes out swinging
|
Bottom of the 9th over - 1 run(s), 3 hit(s), 0 error(s), 2 left on base; Vancouver 7 - Mile High 3 |
|